 Dungeon Crawl Stone Soup version 0.15.0-12-gccce430 (webtiles) character file.

343 Johnny the Chopper (level 6, -6/48 HPs)
             Began as a Human Berserker on Sept 2, 2014.
             Was an Elder of Trog.
             Killed from afar by an orc wizard (8 damage)
             ... with a magic dart
             ... on Level 4 of the Dungeon.
             The game lasted 00:08:23 (3723 turns).

Johnny the Chopper (Human Berserker)                Turns: 3723, Time: 00:08:24

HP  -6/48        AC  5     Str 22      XL: 6   Next: 88%
MP   6/6         EV 17     Int  7      God: Trog [****..]
Gold 116         SH  0     Dex 19      Spells:  0 memorised,  5 levels left

rFire  . . .     SeeInvis .     a - +0 hand axe
rCold  . . .     Clarity  .     n - +0 ring mail
rNeg   . . .     rCorr    .     (no shield)
rPois  .         rRot     .     (no helmet)
rElec  .         Spirit   .     (no cloak)
SustAb .         Warding  .     (no gloves)
rMut   .         Stasis   .     (no boots)
Gourm  .                        (no amulet)
MR     .....                    k - +4 ring of strength
                                m - ring of teleport control

@: agile, exhausted, slowed, very slow, not resistant to hostile enchantments,
unstealthy
A: no striking features
a: Burn Spellbooks, Berserk, Trog's Hand, Brothers in Arms, Renounce Religion,
Evoke Teleport Control


You were on level 4 of the Dungeon.
You worshipped Trog.
Trog was greatly pleased with you.
You were near starving.

You visited 1 branch of the dungeon, and saw 4 of its levels.

You collected 116 gold pieces.

Inventory:

Hand weapons
 a - a +0 hand axe (weapon)
Missiles
 v - 8 silver tomahawks (quivered)
Armour
 b - a +0 animal skin
 l - a +0 leather armour
 n - a +0 ring mail (worn)
Magical devices
 i - a wand of disintegration (7)
 t - a wand of random effects (12)
Comestibles
 c - 5 bread rations
 d - 5 meat rations
Scrolls
 f - a scroll of fear {unknown}
 h - a scroll of blinking {unknown}
 o - a scroll of recharging {unknown}
 q - a scroll of amnesia {unknown}
 u - a scroll of enchant weapon {unknown}
 x - 2 scrolls of magic mapping
Jewellery
 k - a +4 ring of strength (right hand)
 m - a ring of teleport control (left hand)
Potions
 e - 4 potions of restore abilities
 g - 2 potions of curing
 p - a potion of brilliance {unknown}
 r - a potion of heal wounds {unknown}
 s - a potion of mutation {unknown}
 w - a potion of decay {unknown}


   Skills:
 + Level 4.2 Fighting
 + Level 4.8 Axes
 + Level 3.1 Armour
 + Level 3.8 Dodging
 + Level 0.4 Stealth


You had 5 spell levels left.
You didn't know any spells.

Dungeon Overview and Level Annotations

Branches:
Dungeon (4/15)
 Temple: D:4-7

Altars:
Ashenzari
Kikubaaqudgha
Nemelex Xobeh
Qazlal
Sif Muna
Yredelemnul
Zin
The Shining One


Message History

You blow up the orc wizard!
Trog accepts your kill.
Trog appreciates your killing of a magic user.
Something hits you but does no damage.
Evoke which item? (* to show all) (? for menu, Esc to quit)
Zapping:
i - a wand of disintegration {zapped: 2}
Press: ? - help, Shift-Dir - straight line Nothing appears to happen.
Something hits you but does no damage. Something hits you but does no damage.
Something hits you.
* * * LOW HITPOINT WARNING * * *
Items here: % )) [ a dagger; a robe; a mace; an orc corpse You barely miss something.
You hear some strange, mumbled words.
The magic dart hits you!
* * * LOW HITPOINT WARNING * * *
You hear some strange, mumbled words.
The magic dart hits you!
You die...

#......##....#
#............#
#......##...##
#......###### #.......#
##### #.......# ##.>.#
#####'#### #....#......
#........######...#......
#.......@.....#...#......
#.%....)......#...#......
#.............'...+......
#........%....#...#......
######+##.....###'#......
+.....'...+......
#%....#...#......
#%....#....#####.
###+#####..# #.


There were no monsters in sight!

Vanquished Creatures
  2 worker ants
  An orc priest (D:3)
  2 orc wizards
  Terence (D:2)
  A hound skeleton (D:4)
  5 adders
  3 worms
  3 giant mites (D:3)
  An adder skeleton (D:4)
  2 giant geckos
  7 orcs
  A bat skeleton (D:4)
  6 giant cockroaches
  11 goblins
  6 hobgoblins
  2 jackals (D:4)
  2 oozes
  A quokka (D:3)
  3 ball pythons
  8 bats
  3 giant newts
  6 kobolds
  A kobold skeleton (D:4)
  26 rats
104 creatures vanquished.

Notes
Turn   | Place    | Note
--------------------------------------------------------------
     0 | D:1      | Johnny, the Human Berserker, began the quest for the Orb.
     0 | D:1      | Reached XP level 1. HP: 18/18 MP: 1/1
    72 | D:1      | Reached XP level 2. HP: 21/24 MP: 2/2
   558 | D:2      | Reached XP level 3. HP: 18/29 MP: 3/3
   661 | D:2      | Noticed Terence
   667 | D:2      | Killed Terence
   938 | D:2      | Found a sparkling altar of Nemelex Xobeh.
   938 | D:2      | Found a deep blue altar of Sif Muna.
   990 | D:2      | Found a glowing silver altar of Zin.
  1108 | D:2      | Reached XP level 4. HP: 31/35 MP: 4/4
  1162 | D:2      | Acquired Trog's second power
  1610 | D:3      | Reached skill level 4 in Axes
  1610 | D:3      | Reached XP level 5. HP: 30/42 MP: 5/5
  1866 | D:3      | Received a gift from Trog
  2073 | D:3      | Found an ancient bone altar of Kikubaaqudgha.
  2077 | D:3      | Found a shattered altar of Ashenzari.
  2078 | D:3      | Found a stormy altar of Qazlal.
  2081 | D:3      | Found a basalt altar of Yredelemnul.
  2085 | D:3      | Found a glowing golden altar of the Shining One.
  2180 | D:3      | Reached XP level 6. HP: 21/48 MP: 6/6
  3357 | D:4      | Acquired Trog's third power
  3723 | D:4      | HP: 2/48 [something/magic dart (7)]
  3723 | D:4      | Killed from afar by an orc wizard

Action                   |  1- 3 |  4- 6 || total
-------------------------+-------+-------++-------
Melee: Hand axe          |    74 |   284 ||   358
Invok: Berserk           |     1 |     1 ||     2
       Trog's Hand       |       |     1 ||     1
Evoke: Wand              |       |     4 ||     4
  Use: Scroll            |     3 |     2 ||     5
       Potion            |       |     3 ||     3
  Eat: Chunk             |     1 |     5 ||     6
       Royal jelly       |       |     1 ||     1
       Pizza             |       |     1 ||     1
